 Dungeon Crawl Stone Soup version 0.25-a0-578-gc91f01c39c (webtiles) character file.

Game seed: 15936389898004929737, levelgen mode: deterministic

5322 surprisetrex the Thaumaturge (level 10, 0/79 HPs)
             Began as a Purple Draconian Fire Elementalist on Mar 4, 2020.
             Was an Elder of Vehumet.
             Slain by a yak (5 damage)
             ... on level 8 of the Dungeon.
             The game lasted 00:56:20 (12222 turns).

surprisetrex the Thaumaturge (DrFE)                Turns: 12222, Time: 00:56:21

Health: 0/79       AC:  7    Str: 10    XL:     10   Next: 38%
Magic:  26/33      EV: 27    Int: 15    God:    Vehumet [****..]
Gold:   626        SH:  5    Dex: 12    Spells: 11/30 levels left

rFire    . . .     SeeInvis .   a - +2 war axe (flame)
rCold    + . .     Gourm    .   v - +0 buckler
rNeg     + + .     Faith    .   (armour unavailable)
rPois    +         Spirit   .   (helmet restricted)
rElec    +         Reflect  .   (no cloak)
rCorr    .         Harm     .   (no gloves)
MR       +....                  (no boots)
Stlth    +++.......             E - amulet of the acrobat
HPRegen  0.23/turn              G - ring "Miwoll" {rN+ MP+9 Stlth+}
MPRegen  0.23/turn              e - ring of Midsummer {rElec rPois rC+ rN+ Int-4}

@: acrobat
A: breathe power, unfitting armour, cold-blooded, AC +7
a: Breathe Dispelling Energy, Renounce Religion


You were on level 8 of the Dungeon.
You worshipped Vehumet.
Vehumet was greatly pleased with you.
You were not hungry.

You visited 1 branch of the dungeon, and saw 9 of its levels.
You also visited: Bailey.

You collected 1068 gold pieces.
You spent 442 gold pieces at shops.

Inventory:

Hand Weapons
 a - a +2 war axe of flaming (weapon)
 b - a +3 hunting sling of flaming
 I - the +7 spear of Paniedgh {protect, *Rage rF+++ Str+8 Int-5}
   (You found it on level 7 of the Dungeon)

   It grants its wielder temporary protection when it strikes (+7 to AC).
   It affects your strength (+8).
   It affects your intelligence (-5).
   It renders you almost immune to fire.
   It may make you go berserk in combat.
Missiles
 c - 475 stones
 k - 91 sling bullets
 n - 33 poisoned darts (quivered)
Armour
 v - a +0 buckler (worn)
Jewellery
 e - the ring of Midsummer (right hand) {rElec rPois rC+ rN+ Int-4}
   (You took it off a gnoll sergeant in a bailey)

   [ring of protection from cold]

   It affects your intelligence (-4).
   It protects you from cold.
   It insulates you from electricity.
   It protects you from poison.
   It protects you from negative energy.
 r - an uncursed ring of protection from fire
 E - an amulet of the acrobat (around neck)
 F - an uncursed ring of see invisible
 G - the ring "Miwoll" (left hand) {rN+ MP+9 Stlth+}
   (You bought it in a shop on level 7 of the Dungeon)

   [ring of magical power]

   It protects you from negative energy.
   It affects your magic capacity (+9).
   It makes you more stealthy.
Wands
 q - a wand of acid (5)
 s - a wand of paralysis (1)
 x - a wand of iceblast (7)
Scrolls
 h - 5 scrolls of identify
 o - 3 scrolls of immolation
 p - a scroll of torment {unknown}
 y - 4 scrolls of remove curse
 z - a scroll of random uselessness {unknown}
 A - a scroll of enchant weapon
 B - a scroll of magic mapping {unknown}
 C - 2 scrolls of teleportation
 D - a scroll of fog {unknown}
 H - 2 scrolls of noise
 J - 3 scrolls of blinking {unknown}
 K - a scroll of enchant armour
 L - a scroll of amnesia
Potions
 d - 3 potions of haste
 f - 2 potions of heal wounds
 g - a potion of invisibility {unknown}
 i - 3 potions of lignification
 l - 5 potions of curing
 m - a potion of might {unknown}
 u - a potion of mutation {unknown}
 w - 2 potions of resistance {unknown}
Comestibles
 j - 15 rations
 t - a chunk of flesh


   Skills:
 - Level 4.3 Fighting
 - Level 1.3 Axes
 - Level 1.7 Dodging
 - Level 1.7 Stealth
 - Level 4.0 Shields
 + Level 10.8 Spellcasting
 - Level 6.3 Conjurations
 - Level 4.0 Hexes
 - Level 7.8 Fire Magic


You had 11 spell levels left.
You knew the following spells:

 Your Spells              Type           Power        Failure   Level  Hunger
a - Foxfire               Conj/Fire      ####         1%          1    None
b - Conjure Flame         Conj/Fire      ####....     1%          3    None
c - Sticky Flame          Conj/Fire      ####....     1%          4    ###....
d - Dazzling Flash        Conj/Hex       ###...       1%          3    None
e - Fireball              Conj/Fire      ####......   3%          5    #####..
f - Tukima's Dance        Hex            ###.....     5%          3    None

Your spell library contained the following spells:

 Spells                   Type           Power        Failure   Level  Hunger
 Static Discharge         Conj/Air       ###.....     2%          3    None
 Corona                   Hex            ###....      1%          1    None
 Magic Dart               Conj           ####         1%          1    None
 Inner Flame              Hex/Fire       ####....     1%          3    None
 Slow                     Hex            ###.....     2%          2    None
 Mephitic Cloud           Conj/Pois/Air  ##......     3%          3    None
 Confusing Touch          Hex            ###.....     5%          3    None
 Ensorcelled Hibernation  Hex/Ice        ##....       6%          2    None
 Blink                    Tloc           N/A          14%         2    None
 Call Imp                 Summ           #.......     14%         2    None


Dungeon Overview and Level Annotations

Branches:
Dungeon (9/15)             Temple (0/1) D:6          Bailey (visited)
   Lair: D:8-11         Orc: D:9-12

Altars:
Gozag
Makhleb
Vehumet

Shops:
D:7 =


Innate Abilities, Weirdness & Mutations

You can breathe bolts of dispelling energy.
Your rich purple scales are hard. (AC +7)
You cannot fit into any form of body armour.
You are cold-blooded and may be slowed by cold attacks.


Message History

You tail-slap the yak, but do no damage.
The yak is almost dead.
You hit the yak but do no damage.
The yak burns!
The yak stops burning.
The yak burns!
The yak stops burning.
The yak gores you!
* * * LOW HITPOINT WARNING * * *
The yak gores you!
* * * LOW HITPOINT WARNING * * *
The yak gores you!
* * * LOW HITPOINT WARNING * * *
The yak gores you!
* * * LOW HITPOINT WARNING * * *
The yak barely misses you. The yak completely misses you.
You climb upwards.
There is a stone staircase leading down here.
Casting: Sticky Flame (safe; 1% risk of failure)
Confirm with . or Enter, or press ? or * to list all spells.
The yak is dazzled.
The yak gores you.
* * * LOW HITPOINT WARNING * * *
The yak gores you.
You die...

#.#........##.##.##############
##.#.###....##.##.##.#.........#
##.#.###..........##.....#####.#
##.#........##.##.##.#.#.#####.#
##.............##.##.#.........#
####.##..##.##.##.##.#.##.####.##
# ####..##.##.##.##.#..........#
#######..##.##.##.##.......###..#
......#..##.##..@....####..###..#
.............))Y[.......>........
#..##.##.#####.##...#......#.####
#..).......# #.###.##...[..#.####
#..........# #.Y...##<...........
...........###.######........####
#..##.##..........# #....###.#
#..##.##..####.##.# #....# #.#
...##.##.......##.# #.##.# #.#


You could see a yak.

Vanquished Creatures
  A hippogriff (D:8)
  2 yaks (D:9)
  A water moccasin (D:8)
  Purgy (D:4)
  2 ice beasts
  An orc warrior (D:7)
  3 phantoms
  A sky beast (D:7)
  A black bear (D:6)
  5 ogres
  2 centaurs
  3 bullfrogs
  4 big kobolds (D:5)
  8 gnoll sergeants (Bailey)
  A scorpion (D:7)
  9 killer bees
  3 wights (D:6)
  A howler monkey (D:4)
  A quasit (D:7)
  A jelly (D:5)
  A centaur skeleton (D:7)
  7 gnoll shamans
  8 orc priests
  3 hounds
  Ijyb (D:4)
  13 orc wizards
  7 worker ants
  A hound skeleton (D:4)
  30 gnolls
  10 adders
  A shadow imp (D:8)
  2 adder zombies
  A worm (D:2)
  8 dart slugs
  4 leopard geckos
  39 orcs
  9 giant cockroaches
  32 goblins
  37 hobgoblins
  16 jackals
  11 kobolds
  2 quokkas (D:3)
  2 ball pythons
  5 bats
  3 frilled lizards
  A jackal zombie (D:7)
  A leopard gecko zombie (D:6)
  3 rats
309 creatures vanquished.

Vanquished Creatures (others)
  720 foxfires
720 creatures vanquished.

Grand Total: 1029 creatures vanquished

Notes
Turn   | Place    | Note
-------+----------+-------------------------------------------
     0 | D:1      | surprisetrex the Draconian Fire Elementalist began the
                  | quest for the Orb.
     0 | D:1      | Reached XP level 1. HP: 14/14 MP: 3/3
   387 | D:1      | Reached XP level 2. HP: 19/20 MP: 3/5
  1200 | D:2      | Reached XP level 3. HP: 26/26 MP: 4/6
  1536 | D:2      | Reached XP level 4. HP: 33/33 MP: 5/7
  2289 | D:3      | Reached XP level 5. HP: 23/38 MP: 1/8
  2455 | D:3      | Learned a level 3 spell: Conjure Flame
  3363 | D:4      | Reached XP level 6. HP: 45/45 MP: 5/9
  3446 | D:4      | Reached skill level 5 in Fire Magic
  3520 | D:4      | Noticed Ijyb
  3533 | D:4      | Paralysed by Ijyb for 6 turns
  3544 | D:4      | Paralysed by Ijyb for 3 turns
  3548 | D:4      | Killed Ijyb
  3794 | D:4      | Reached skill level 5 in Conjurations
  4128 | D:4      | Found a radiant altar of Vehumet.
  4137 | D:4      | Became a worshipper of Vehumet
  4205 | D:4      | Noticed Purgy
  4350 | D:4      | Your scales start taking on a rich purple colour.
  4350 | D:4      | Reached XP level 7. HP: 43/50 MP: 8/10
  4838 | D:4      | Found a radiant altar of Vehumet.
  4887 | D:4      | Killed Purgy
  5266 | D:5      | Entered Level 5 of the Dungeon
  6041 | D:5      | Reached * piety under Vehumet
  6041 | D:5      | Offered knowledge of Sandblast by Vehumet.
  6217 | D:5      | Learned a level 4 spell: Sticky Flame
  6372 | D:5      | Reached ** piety under Vehumet
  6372 | D:5      | Offered knowledge of Magic Dart by Vehumet.
  6412 | D:5      | Reached skill level 3 in Spellcasting
  6412 | D:5      | Reached XP level 8. HP: 48/57 MP: 4/13
  6489 | D:5      | Reached skill level 4 in Spellcasting
  7022 | D:6      | Reached skill level 5 in Spellcasting
  7029 | D:6      | Learned a level 3 spell: Dazzling Flash
  7082 | D:6      | Reached skill level 1 in Fighting
  7082 | D:6      | Reached skill level 1 in Hexes
  7095 | D:6      | Offered knowledge of Ignite Poison by Vehumet.
  7284 | D:6      | Found a staircase to the Ecumenical Temple.
  7328 | D:6      | Reached *** piety under Vehumet
  7342 | D:6      | Learned a level 5 spell: Fireball
  7802 | D:6      | Reached skill level 6 in Spellcasting
  7806 | D:6      | Reached XP level 9. HP: 68/71 MP: 13/18
  8021 | D:7      | Got an ancient spear
  8026 | D:7      | Identified the +7 spear of Paniedgh {protect, *Rage rF+++
                  | Str+8 Int-5} (You found it on level 7 of the Dungeon)
  8030 | D:7      | Found a burning altar of Makhleb.
  8070 | D:7      | Learned a level 3 spell: Tukima's Dance
  8081 | D:7      | Found an opulent altar of Gozag.
  8150 | D:7      | Offered knowledge of Iskenderun's Mystic Blast by Vehumet.
  8427 | D:7      | Found a flagged portal.
  8433 | Bailey   | Entered a bailey
  8437 | Bailey   | Reached skill level 1 in Shields
  8891 | Bailey   | Reached skill level 7 in Spellcasting
  9001 | Bailey   | Reached **** piety under Vehumet
  9528 | Bailey   | Identified the ring of Midsummer {rElec rPois rC+ rN+
                  | Int-4}
 10097 | D:7      | Found Lorujes's Jewellery Boutique.
 10100 | D:7      | Bought the ring "Miwoll" {rN+ MP+9 Stlth+} for 442 gold
                  | pieces
 10191 | D:7      | Reached skill level 1 in Axes
 10411 | D:7      | Reached skill level 8 in Spellcasting
 10651 | D:7      | Offered knowledge of Static Discharge by Vehumet.
 10719 | D:8      | Reached skill level 9 in Spellcasting
 10719 | D:8      | Reached XP level 10. HP: 79/79 MP: 23/23
 11582 | D:8      | Reached skill level 10 in Spellcasting
 12222 | D:8      | Slain by a yak

Levels and vault maps discovered:
D:1:      psy_arrival_dodecagon, layout_basic, minmay_misc_feat_secret_circle
D:2:      layout_basic, hangedman_decor_clover_reticule,
          hangedman_abyss_or_decor_stabs, serial_bayou_pond_b,
          chequers_serial_rivers_marsh, minmay_pentomino_s2
D:3:      wander_river, layout_basic, first_ration
D:4:      layout_loops_ring, vehumet_crystals,
          lightli_ossuary_entry_decrepit_ruins, serial_bayou_pond_e,
          minmay_fractal_squares_gapless_5, uniq_purgy, uniq_ijyb
D:5:      minmay_goblin_kobold_castle, layout_cave_pools,
          minmay_misc_feat_pillars
D:6:      layout_basic, minmay_temple_entry_antechambers,
          chequers_serial_rivers_small_b, kennysheep_small_circle
D:7:      layout_basic, enter_bailey_2, basic_altar, serial_shops,
          kennysheep_mini, grunt_gozag_breadcrumbs
D:8:      layout_basic, grunt_ogre_cave
D:9:      layout_loops_ring, orc_0_dummy, basic_altar, grunt_dithmenos_smoke

Skill      XL: |  1  2  3  4  5  6  7  8  9 10 |
---------------+-------------------------------+-----
Conjurations   | 2 3 4 5 6 |  6.3
Fire Magic     | 4 5 7 |  7.8
Spellcasting   | 3 6 9 10 | 10.8
Fighting       | 3 4 |  4.3
Hexes          | 2 4 |  4.0
Shields        | 4 |  4.0
Axes           | 1 |  1.3
Dodging        | |  1.7
Stealth        | |  1.7

Action                   |  1- 3 |  4- 6 |  7- 9 | 10-12 || total
-------------------------+-------+-------+-------+-------++-------
Melee: Unarmed           |    17 |       |       |       ||    17
       Tailslap          |     5 |     6 |     9 |     4 ||    24
       Dagger            |    15 |    11 |       |       ||    26
       Short sword       |       |    24 |       |       ||    24
       Trident           |       |     9 |       |       ||     9
       War axe           |       |       |   105 |    42 ||   147
       Hunting sling     |       |       |     1 |       ||     1
       Spear             |       |       |    37 |       ||    37
 Fire: Hunting sling     |    18 |   122 |   233 |    60 ||   433
Throw: Stone             |     1 |       |       |       ||     1
       Dart              |       |       |    15 |     1 ||    16
 Cast: Foxfire           |    53 |    79 |   273 |    40 ||   445
       Conjure Flame     |       |     6 |    15 |     8 ||    29
       Sticky Flame      |       |       |     6 |    11 ||    17
       Fireball          |       |       |     3 |     1 ||     4
       Dazzling Flash    |       |       |     2 |     1 ||     3
  Use: Scroll            |       |       |    13 |       ||    13
       Potion            |       |       |     2 |       ||     2
 Stab: Sleeping          |     1 |     1 |     3 |       ||     5
  Eat: Chunk             |     3 |    11 |    22 |     6 ||    42
Armor: Skin              |    16 |    21 |    82 |    20 ||   139
Dodge: Dodged            |    30 |    64 |   194 |    49 ||   337
Block: Buckler           |       |       |    39 |    17 ||    56

Table legend:
 A = Non-vault XP
 B = Vault XP
 C = Vault XP percentage of total XP
 D = Non-vault monster count
 E = Vault monster count
 F = Vault count percentage of total count
                 A         B        C        D         E       F
            +---------+---------+-------+---------+---------+-------
      Total |    5326 |    2277 |  29.9 |     208 |     101 |  32.7
            +---------+---------+-------+---------+---------+-------
        D:1 |      30 |       0 |   0.0 |      16 |       0 |   0.0
        D:2 |     104 |       5 |   4.6 |      31 |       3 |   8.8
        D:3 |     234 |       0 |   0.0 |      34 |       0 |   0.0
        D:4 |     306 |     206 |  40.2 |      14 |       4 |  22.2
        D:5 |     233 |     600 |  72.0 |       8 |      61 |  88.4
        D:6 |     959 |     145 |  13.1 |      30 |       2 |   6.2
        D:7 |    1511 |       0 |   0.0 |      36 |       0 |   0.0
        D:8 |    1530 |     116 |   7.0 |      37 |       1 |   2.6
        D:9 |     419 |       0 |   0.0 |       2 |       0 |   0.0
     Bailey |       0 |    1205 | 100.0 |       0 |      30 | 100.0
            +---------+---------+-------+---------+---------+-------
